 Dungeon Crawl Stone Soup version 0.23-a0-435-g79ed067 (webtiles) character file.

6853 Butthurt the Grappler (level 10, 0/86 (87) HPs)
             Began as a Troll Venom Mage on Nov 15, 2018.
             Was a Believer of Cheibriados.
             Slain by an orc warrior
             ... wielding a +0 trident of flaming
              (2 damage)
             ... on level 9 of the Dungeon.
             The game lasted 00:26:16 (9443 turns).

Butthurt the Grappler (Troll Venom Mage)            Turns: 9443, Time: 00:26:17

HP:   0/86 (87)     AC:  6    Str: 27    XL:     10   Next: 78%
MP:   24/24         EV: 10    Int: 17    God:    Cheibriados [**....]
Gold: 515           SH:  0    Dex: 16    Spells: 12/15 levels left

rFire    . . .     SeeInvis .     - Unarmed
rCold    . . .     Gourm    +   (no shield)
rNeg     . . .     Faith    .   a - +0 robe
rPois    .         Spirit   .   (helmet restricted)
rElec    .         Reflect  .   s - +0 cloak
rCorr    .         Harm     .   (gloves unavailable)
MR       +....                  (boots unavailable)
Stlth    ++........             (no amulet)
HPRegen  0.64/turn              y - ring of protection from magic
MPRegen  0.19/turn              l - ring of magical power

@: very slow
A: large, unfitting armour, claws 3, horns 1, blurry vision 1, fast metabolism
3, gourmand, high mp 1, regeneration 1, shaggy fur 1, tough skin 2, wild magic 1
a: Bend Time, Renounce Religion


You were on level 9 of the Dungeon.
You worshipped Cheibriados.
Cheibriados was pleased with you.
You were completely stuffed.

You visited 2 branches of the dungeon, and saw 10 of its levels.
You also visited: Ossuary.

You collected 515 gold pieces.

Inventory:

Hand Weapons
 b - a +2 trident of venom
 m - a +1 halberd
 M - the +8 quarterstaff of the Spectre {chaos, MR+ Str+3 Stlth+}
   (You found it on level 7 of the Dungeon)

   Each time it hits an enemy it has a different, random effect.
   It affects your strength (+3).
   It affects your resistance to hostile enchantments.
   It makes you more stealthy.
   Cheibriados disapproves of the use of such an item.
Missiles
 n - 228 stones
 r - 2 exploding tomahawks
 v - 12 javelins
 I - 3 tomahawks (quivered)
 L - 40 sling bullets
Armour
 a - a +0 robe (worn)
 e - a scarf of resistance
 s - a +0 cloak (worn)
Jewellery
 l - a ring of magical power (right claw)
 y - a ring of protection from magic (left claw)
 E - an uncursed ring of protection from cold
Wands
 o - a wand of flame (20)
 B - a wand of acid (21)
 G - a wand of paralysis (11)
Scrolls
 d - 2 scrolls of blinking
 f - 5 scrolls of amnesia
 g - 3 scrolls of remove curse
 j - a scroll of fog {unknown}
 t - 3 scrolls of enchant weapon
 w - 2 scrolls of teleportation {unknown}
 x - 2 scrolls of enchant armour {unknown}
 A - a scroll of immolation {unknown}
 F - a scroll of random uselessness {unknown}
 J - 2 scrolls of magic mapping
 O - a scroll of identify
Potions
 h - 4 potions of heal wounds
 i - 3 potions of curing
 k - 2 potions of might
 p - 2 potions of flight
 q - 2 potions of invisibility
 u - 2 potions of haste {unknown}
 z - a potion of resistance {unknown}
 C - 2 potions of cancellation {unknown}
 D - 5 potions of brilliance
 H - a potion of ambrosia {unknown}
 K - a potion of degeneration {unknown}
 P - a potion of lignification {unknown}
Comestibles
 c - 13 rations
 N - a chunk of flesh


   Skills:
 + Level 2.1 Fighting
 + Level 1.4 Throwing
 - Level 1.5 Dodging
 - Level 1.0 Stealth
 * Level 13.0 Unarmed Combat
 * Level 3.2 Spellcasting
 + Level 0.6 Conjurations
 * Level 3.5 Air Magic
 * Level 4.6 Poison Magic


You had 12 spell levels left.
You knew the following spells:

 Your Spells              Type           Power        Failure   Level  Hunger
a - Sting                 Conj/Pois      ###.         10%         1    None
b - Poisonous Vapours     Pois/Air       ###...       8%          2    ##.....

Your spell library contained the following spells:

 Spells                   Type           Power        Failure   Level  Hunger
 Mephitic Cloud           Conj/Pois/Air  ###.....     22%         3    ###....
 Olgreb's Toxic Radiance  Pois           ###.....     34%         4    ####...
 Venom Bolt               Conj/Pois      ###.......   89%         5    ######.


Dungeon Overview and Level Annotations

Branches:
Dungeon (9/15)             Temple (1/1) D:7
   Lair: D:8-11         Orc: D:9-12

Altars:
Ashenzari
Cheibriados
Elyvilon
Fedhas
Gozag
Kikubaaqudgha
Makhleb
Okawaru
Qazlal
Ru
Trog
Uskayaw
Wu Jian
Xom
Yredelemnul
Zin
The Shining One
Beogh

Annotations:
D:2 2 transporters
D:3 exclusion: downstairs


Innate Abilities, Weirdness & Mutations

You are too large for most types of armour.
You have claws for hands.
Your metabolism is lightning-fast.
You like to eat raw meat.
Your natural rate of healing is unusually fast.
You are covered in fur. (AC +1)
You have very tough skin. (AC +2)
You have a pair of small horns on your head.
Scrolls take you a little longer to read.
You have an increased reservoir of magic. (+10% MP)
Your spells are a little harder to cast, but a little more powerful.


Message History

* * * LOW HITPOINT WARNING * * *
The orc warrior burns you.
* * * LOW HITPOINT WARNING * * *
Some of the chunks of flesh in your inventory have rotted away.
Evoke which item? (* to show all) (? for menu, Esc to quit)
Aiming: Corrosive Bolt
Press: ? - help, Shift-Dir - straight line, f - orc
Aim: an orc, wielding a +0 whip and wearing a +0 ring mail The bolt of acid hits the iguana.
The iguana is splashed with acid.
The iguana is severely wounded.
The bolt of acid misses the orc warrior.
The bolt of acid hits the orc.
The orc is splashed with acid.
You kill the orc!
Cheibriados appreciates the change of pace.
The iguana bites you.
* * * LOW HITPOINT WARNING * * *
The orc warrior hits you from afar with a +0 trident of flaming!
* * * LOW HITPOINT WARNING * * *
The orc warrior burns you.
You die...

..........#...########.......#
.......................[.....#
..........###...............##
..........# ###.............#
..........# #.........###.#
..........## ##.##.....###.#
.....>..................##..#
.........####..#.#####......#
.......<......##@# ##......#
........########l####.......#
...#....# #o##..(...####
.#...#..#### ##o##.(....#
...........# #ggg(..##.##
รท........#.# #..###g##[#
.......#...##..... ..g...
.......#..........g.......
......#..#.................


You could see an orc warrior, an iguana, 3 gnolls and an orc.

Vanquished Creatures
  Pikel (D:8)
  An ugly thing (D:7)
  Psyche (D:8)
  Grinder (D:6)
  A hippogriff (D:8)
  A wyvern (D:9)
  Eustachio (D:6)
  4 yaks (D:6)
  2 hungry ghosts (D:8)
  Duvessa (D:6)
  A water moccasin (D:8)
  A necrophage (D:5)
  4 orc warriors
  A slave (D:8)
  2 ice beasts
  2 sky beasts
  7 ogres
  7 centaurs
  A crocodile (D:8)
  Blork the orc (D:6)
  2 bullfrogs
  A gnoll sergeant (D:8)
  Dowan (D:6)
  A wyvern zombie (D:8)
  4 water moccasin zombies (Ossuary)
  2 scorpions
  2 howler monkeys (D:8)
  2 crimson imps
  A bullfrog zombie (D:6)
  4 hounds
  A bullfrog skeleton (D:9)
  3 centaur zombies
  2 orc priests
  5 orc wizards
  Ijyb (D:5)
  3 iguanas
  7 worker ants
  A killer bee zombie (D:5)
  A big kobold zombie (Ossuary)
  A hound zombie (D:8)
  2 hound skeletons
  A howler monkey zombie (D:8)
  2 mummies (Ossuary)
  6 gnolls
  A howler monkey skeleton (D:4)
  4 adders
  2 shadow imps
  6 adder zombies (Ossuary)
  An adder skeleton (D:3)
  4 worms
  A dart slug (D:1)
  2 leopard geckos
  60 orcs
  A ball python (D:4)
  4 giant cockroaches
  8 goblins
  4 hobgoblins
  10 jackals
  2 quokkas
  9 bats
  4 frilled lizards
  A giant cockroach zombie (D:3)
  4 gnoll zombies (Ossuary)
  4 hobgoblin zombies (Ossuary)
  6 kobolds
  6 kobold zombies (Ossuary)
  8 orc zombies (Ossuary)
  A quokka skeleton (D:8)
  3 rats
253 creatures vanquished.

Notes
Turn   | Place    | Note
-------+----------+-------------------------------------------
     0 | D:1      | Butthurt the Troll Venom Mage began the quest for the Orb.
     0 | D:1      | Reached XP level 1. HP: 16/16 MP: 1/1
   251 | D:1      | Found a shattered altar of Ashenzari.
   300 | D:1      | Reached XP level 2. HP: 24/24 MP: 3/3
   939 | D:2      | Learned a level 2 spell: Poisonous Vapours
   987 | D:2      | Reached skill level 1 in Unarmed Combat
  1069 | D:2      | Noticed a black bear
  1070 | D:2      | Found a hide-covered altar of Uskayaw.
  1070 | D:2      | Found a transporter.
  1205 | D:2      | Found a transporter.
  1279 | D:1      | Reached XP level 3. HP: 20/31 MP: 4/4
  2144 | D:3      | Reached XP level 4. HP: 37/39 MP: 5/5
  2285 | D:3      | Reached skill level 2 in Unarmed Combat
  2745 | D:4      | Noticed an ogre
  2820 | D:4      | Reached skill level 3 in Unarmed Combat
  2820 | D:4      | Reached XP level 5. HP: 31/45 MP: 6/6
  2831 | D:4      | Noticed a phantom
  2975 | D:4      | Reached skill level 1 in Air Magic
  2989 | D:4      | Reached skill level 4 in Unarmed Combat
  3250 | D:4      | Reached XP level 6. HP: 53/53 MP: 7/7
  3318 | D:4      | Reached skill level 5 in Unarmed Combat
  3567 | D:5      | Entered Level 5 of the Dungeon
  3590 | D:5      | Reached XP level 7. HP: 53/58 MP: 8/8
  3603 | D:5      | Reached skill level 6 in Unarmed Combat
  3616 | D:5      | Noticed Ijyb
  3631 | D:5      | Killed Ijyb
  3714 | D:5      | Found a blossoming altar of Fedhas.
  3979 | D:5      | Found a burning altar of Makhleb.
  4173 | D:5      | Reached skill level 7 in Unarmed Combat
  4217 | D:5      | Found a sand-covered staircase.
  4221 | Ossuary  | Entered an ossuary
  4436 | Ossuary  | Reached skill level 8 in Unarmed Combat
  4436 | Ossuary  | Reached XP level 8. HP: 66/66 MP: 9/9
  4551 | Ossuary  | Gained mutation: You expend magic power (3 MP) to
                  | strengthen your wands. [potion of mutation]
  4551 | Ossuary  | Gained mutation: Your spells are a little easier to cast,
                  | but a little less powerful. [potion of mutation]
  4551 | Ossuary  | Gained mutation: You are resistant to hostile enchantments.
                  | (MR+) [potion of mutation]
  4551 | Ossuary  | Gained mutation: You are agile. (Dex +2) [potion of
                  | mutation]
  4552 | Ossuary  | Lost mutation: You are resistant to hostile enchantments.
                  | (MR+) [potion of mutation]
  4552 | Ossuary  | Lost mutation: You are agile. (Dex +2) [potion of mutation]
  4552 | Ossuary  | Lost mutation: You expend magic power (3 MP) to strengthen
                  | your wands. [potion of mutation]
  4552 | Ossuary  | Gained mutation: You possess an exceptional clarity of
                  | mind. [potion of mutation]
  4552 | Ossuary  | Gained mutation: Scrolls take you a little longer to read.
                  | [potion of mutation]
  4552 | Ossuary  | Gained mutation: You have an increased reservoir of magic.
                  | (+10% MP) [potion of mutation]
  4552 | Ossuary  | Gained mutation: You have a considerably increased
                  | reservoir of magic. (+20% MP) [potion of mutation]
  4553 | Ossuary  | Lost mutation: Your spells are a little easier to cast, but
                  | a little less powerful. [potion of mutation]
  4553 | Ossuary  | Lost mutation: You have a considerably increased reservoir
                  | of magic. (+20% MP) [potion of mutation]
  4553 | Ossuary  | Lost mutation: You possess an exceptional clarity of mind.
                  | [potion of mutation]
  4553 | Ossuary  | Gained mutation: You have a pair of small horns on your
                  | head. [potion of mutation]
  4553 | Ossuary  | Gained mutation: Your spells are a little harder to cast,
                  | but a little more powerful. [potion of mutation]
  4888 | D:5      | Found a stormy altar of Qazlal.
  5306 | D:6      | Reached skill level 9 in Unarmed Combat
  5394 | D:6      | Noticed Eustachio
  5449 | D:6      | Killed Eustachio
  5518 | D:6      | Noticed Grinder
  5519 | D:6      | Paralysed by Grinder for 4 turns
  5527 | D:6      | Killed Grinder
  5527 | D:6      | Reached skill level 10 in Unarmed Combat
  5527 | D:6      | Reached XP level 9. HP: 31/74 MP: 12/12
  5631 | D:6      | Reached skill level 1 in Fighting
  5806 | D:6      | Noticed Duvessa
  5806 | D:6      | Noticed Dowan
  5813 | D:6      | Killed Duvessa
  5824 | D:6      | Killed Dowan
  5946 | D:6      | Reached skill level 11 in Unarmed Combat
  6054 | D:6      | Noticed Blork the orc
  6060 | D:6      | Killed Blork the orc
  6869 | D:7      | Noticed a purple ugly thing
  6886 | D:7      | Killed a purple ugly thing
  7495 | D:7      | Found a glowing silver altar of Zin.
  7495 | D:7      | Noticed an angel
  7589 | D:7      | Found a staircase to the Ecumenical Temple.
  7612 | D:7      | Got a faintly glowing quarterstaff
  7615 | D:7      | Identified the +8 quarterstaff of the Spectre {chaos, MR+
                  | Str+3 Stlth+} (You found it on level 7 of the Dungeon)
  7866 | Temple   | Entered the Ecumenical Temple
  7895 | Temple   | Became a worshipper of Cheibriados the Contemplative
  7947 | D:8      | Found an ornate altar of the Wu Jian Council.
  7961 | D:8      | Reached XP level 10. HP: 81/86 MP: 14/14
  8235 | D:8      | Noticed Pikel
  8246 | D:8      | Killed Pikel
  8246 | D:8      | Reached skill level 12 in Unarmed Combat
  8357 | D:8      | Reached * piety under Cheibriados
  8737 | D:8      | Noticed Psyche
  8744 | D:8      | Killed Psyche
  9086 | D:8      | Found a roughly hewn altar of Beogh.
  9105 | D:8      | Reached skill level 1 in Throwing
  9112 | D:8      | Reached ** piety under Cheibriados
  9436 | D:9      | Reached skill level 13 in Unarmed Combat
  9443 | D:9      | HP: 2/86 [orc warrior/+0 trident of flaming (7)]
  9443 | D:9      | Slain by an orc warrior

Vault maps used:
D:1:      sevenhm_arrival_forest_fort_large_2, ashenzari_altar_1
D:2:      gammafunk_temple_overflow_arena
D:3:      first_ration
D:5:      nicolae_qazlal_general_emergency, nicolae_overflow_crystal_walls,
          kennysheep_mini_moat, nicolae_ossuary_entry_false_entrances,
          chequers_serial_rivers_large_a, uniq_ijyb
D:6:      kennysheep_nub, uniq_grinder, uniq_blork_the_orc, uniq_duvessa,
          uniq_eustachio
D:7:      zin_angel, lemuel_temple_firewalk_b
D:8:      lemuel_round_altar, special_room, uniq_pikel, uniq_psyche
Temple:   regret_index_temple_waves
Ossuary:  ossuary_tomb_2

Skill      XL: |  1  2  3  4  5  6  7  8  9 10 |
---------------+-------------------------------+-----
Unarmed Combat | 1 3 4 5 8 10 11 13 | 13.0
Poison Magic   | 3 4 |  4.6
Air Magic      | 1 2 3 |  3.5
Spellcasting   | 2 3 |  3.2
Fighting       | 1 2 |  2.1
Throwing       | 1 |  1.4
Dodging        | |  1.5
Stealth        | |  1.0
Conjurations   | |  0.6

Action                   |  1- 3 |  4- 6 |  7- 9 | 10-12 || total
-------------------------+-------+-------+-------+-------++-------
Melee: Unarmed           |   120 |   162 |   302 |   166 ||   750
       Punch             |       |     3 |    15 |     9 ||    27
       Headbutt          |       |       |    18 |    33 ||    51
Throw: Tomahawk          |       |       |     5 |       ||     5
 Cast: Poisonous Vapours |       |       |    10 |       ||    10
Evoke: Wand              |       |       |       |     1 ||     1
  Use: Scroll            |       |       |    15 |       ||    15
       Potion            |       |       |     3 |       ||     3
 Stab: Sleeping          |     2 |       |       |       ||     2
       Distracted        |       |       |       |     1 ||     1
  Eat: Chunk             |    14 |    20 |    30 |    28 ||    92
       Ration            |     1 |       |     1 |       ||     2
Armor: Robe              |    68 |    59 |    69 |    30 ||   226
Dodge: Dodged            |    82 |    77 |   116 |    58 ||   333

Table legend:
 A = Non-vault XP
 B = Vault XP
 C = Vault XP percentage of total XP
 D = Non-vault monster count
 E = Vault monster count
 F = Vault count percentage of total count
                 A         B        C        D         E       F
            +---------+---------+-------+---------+---------+-------
      Total |    6877 |    2913 |  29.8 |     185 |      67 |  26.6
            +---------+---------+-------+---------+---------+-------
        D:1 |      40 |       0 |   0.0 |      17 |       0 |   0.0
        D:2 |      50 |       0 |   0.0 |      11 |       0 |   0.0
        D:3 |      75 |       0 |   0.0 |      29 |       0 |   0.0
        D:4 |     477 |       0 |   0.0 |      21 |       0 |   0.0
        D:5 |     868 |      39 |   4.3 |      19 |       1 |   5.0
        D:6 |    1761 |     783 |  30.8 |      30 |       5 |  14.3
        D:7 |     963 |       0 |   0.0 |      12 |       0 |   0.0
        D:8 |    1799 |    1673 |  48.2 |      33 |      26 |  44.1
        D:9 |     844 |       0 |   0.0 |      13 |       0 |   0.0
    Ossuary |       0 |     418 | 100.0 |       0 |      35 | 100.0
            +---------+---------+-------+---------+---------+-------
